 Dungeon Crawl Stone Soup version 0.27.1-35-g4d5d836560 (webtiles) character file.

Game seed: 2319544335591695463

425709 Froggeryz the Whirler (level 23, -3/172 HPs)
             Began as an Octopode Berserker on Oct 15, 2022.
             Was the Champion of Trog.
             Killed from afar by an air elemental (6 damage)
             ... with a stunning burst
             ... in a wizard's laboratory on Oct 23, 2022.
             The game lasted 01:47:07 (63793 turns).

Froggeryz the Whirler (Octopode Berserker)         Turns: 63793, Time: 01:47:08

Health: -3/172     AC:  1    Str: 20    XL:     23   Next: 80%
Magic:  23/23      EV: 24    Int: 10    God:    Trog [******]
Gold:   2401       SH: 25    Dex: 21    Spells: 22/22 levels left

rFire    + + .     SeeInvis +   a - +9 morningstar of Courage {vorpal, rN+}
rCold    + + .     Faith    .   z - +5 kite shield {rN+}
rNeg     + + .     Spirit   .   e - +0 hat "Loitisaq" {Contam +Inv rElec rPois}
rPois    +         Reflect  +   W - amulet of reflection
rElec    +         Harm     .   R - ring of protection from cold
rCorr    .         Rampage  .   l - ring of protection from fire
Will     +++++                  D - +4 ring of slaying
Stlth    +++++.....             G - ring of willpower
HPRegen  0.38/turn              h - ring "Empa" {Contam rF+ Will+++ SInv Stlth-}
MPRegen  0.18/turn              S - ring of flight
                                t - +4 ring of slaying
                                O - ring "Boerojic" {rElec rC+ Dex+4 SInv}

@: flying, studying 2 skills
A: almost no armour, amphibious, 8 rings, camouflage 1, gelatinous body 1,
(nimble swimmer 1), tentacles
}: 2/15 runes: serpentine, barnacled
a: Renounce Religion, Evoke Invisibility, Berserk, Trog's Hand, Brothers in Arms


You were in a wizard's laboratory.
You worshipped Trog.
Trog was exalted by your worship.
You visited 7 branches of the dungeon, and saw 40 of its levels.
You also visited: Sewer, Gauntlet, Ice Cave and Wizlab.

You collected 6114 gold pieces.
You spent 3713 gold pieces at shops.

Inventory:

Hand Weapons
 a - the +9 morningstar of Courage (weapon) {vorpal, rN+}
   (Trog gifted it to you on level 4 of the Lair of Beasts)

   It inflicts extra damage upon your enemies.
   rN:        It protects you from negative energy.
 f - the +3 sling "Punk" {acid, rCorr}
   (You acquired it on level 5 of the Dungeon)

   Any ammunition fired from it is coated in acid, damaging and corroding those
   it strikes.
   rCorr:     It protects you from acid and corrosion.
 q - the +7 broad axe "Emnaelio" {speed, rElec rF++ Will+++ MP-9}
   (You found it on level 3 of the Vaults)

   Attacks with this weapon are significantly faster.
   rF:        It greatly protects you from fire.
   rElec:     It insulates you from electricity.
   MP:        It affects your magic capacity (-9).
   Will:      It greatly increases your willpower.
Missiles
 B - 255 sling bullets
 E - 60 javelins (quivered)
 N - 12 silver boomerangs
 T - 7 throwing nets
 U - 90 boomerangs
 X - 10 silver javelins
Armour
 e - the +0 hat "Loitisaq" (worn) {Contam +Inv rElec rPois}
   (You acquired it on level 8 of the Dungeon)

   rElec:     It insulates you from electricity.
   rPois:     It protects you from poison.
   +Inv:      It lets you turn invisible.
   Contam:    It causes magical contamination when unequipped.
 z - a +5 kite shield of positive energy (worn)
 L - a +5 kite shield of protection
Jewellery
 h - the ring "Empa" (on tentacle) {Contam rF+ Will+++ SInv Stlth-}
   (You bought it in a shop on level 2 of the Orcish Mines)

   [ring of protection from fire]

   rF:        It protects you from fire.
   SInv:      It lets you see invisible.
   Contam:    It causes magical contamination when unequipped.
   Will:      It greatly increases your willpower.
   Stlth:     It makes you less stealthy.
 l - a ring of protection from fire (right tentacle)
 t - a +4 ring of slaying (on tentacle)
 v - an amulet of the acrobat
 D - a +4 ring of slaying (on tentacle)
 G - a ring of willpower (on tentacle)
 O - the ring "Boerojic" (on tentacle) {rElec rC+ Dex+4 SInv}
   (You acquired it on level 1 of the Lair of Beasts)

   [ring of see invisible]

   Dex:       It affects your dexterity (+4).
   rC:        It protects you from cold.
   rElec:     It insulates you from electricity.
   SInv:      It lets you see invisible.
 R - a ring of protection from cold (left tentacle)
 S - a ring of flight (on tentacle)
 W - an amulet of reflection (around mantle)
 Z - an amulet of regeneration
Wands
 m - a wand of mindburst (19)
 x - a wand of flame (100)
 y - a wand of iceblast (38)
 P - a wand of acid (15)
 Y - a wand of paralysis (24)
Scrolls
 b - 13 scrolls of teleportation
 d - a scroll of enchant armour
 n - 5 scrolls of enchant weapon
 o - 9 scrolls of fog
 p - 5 scrolls of magic mapping
 s - 13 scrolls of blinking
 H - 4 scrolls of summoning
 K - 3 scrolls of fear
 M - 3 scrolls of immolation
 V - a scroll of holy word
Potions
 c - 10 potions of haste
 g - 3 potions of cancellation
 i - 2 potions of mutation
 j - 14 potions of curing
 r - 5 potions of resistance
 u - 8 potions of might
 C - a potion of berserk rage
 F - a potion of heal wounds
 J - 5 potions of invisibility
 Q - a potion of ambrosia
Miscellaneous
 k - a phial of floods
 w - a phantom mirror
 A - a condenser vane
 I - a box of beasts


   Skills:
 + Level 18.4 Fighting
 * Level 13.7(16.9) Axes
 - Level 16.5(18.2) Maces & Flails
 - Level 18.6(19.1) Slings
 + Level 8.2(14.5) Throwing
 - Level 14.0 Dodging
 - Level 11.4 Stealth
 - Level 16.0 Shields
 - Level 7.3 Evocations


You had 22 spell levels left.
You didn't know any spells.
Your spell library was empty.

Dungeon Overview and Level Annotations

Branches:
Dungeon (15/15)            Temple (0/1) D:6            Lair (6/6) D:10
 Shoals (4/4) Lair:2        Snake (4/4) Lair:4        Slime (0/5) Lair:5
    Orc (2/2) D:10            Elf (0/3) Orc:2        Vaults (4/5) D:14
  Crypt (0/3) Vaults:3     Depths (5/5) D:15          Sewer (visited)
  IceCv (visited)          WizLab (1/1)             Gauntlet (visited)
    Zot: Depths:5

Altars:
Ashenzari
Dithmenos
Elyvilon
Fedhas
Gozag
Hepliaklqana
Kikubaaqudgha
Okawaru
Qazlal
Sif Muna
Trog
Uskayaw
Xom
Yredelemnul
Zin
The Shining One
Jiyva

Shops:
D:5 (   D:10 (   Orc:2 ?[:(=   Shoals:1 *:   Shoals:3 [   Snake:2 :
Vaults:1 ?   Depths:1 *(

Portals:
Hell: Depths:1 Depths:2 Depths:3 Depths:4
Abyss: Depths:2 Depths:4
Pandemonium: Depths:3
Ziggurat: Depths:1

Annotations:
Shoals:3 1 runed translucent door, CrazyMind's ghost, adept GnVM


Innate Abilities, Weirdness & Mutations

You cannot wear most types of armour.
You are amphibious.
You can wear up to eight rings at the same time.
Your skin changes colour to match your surroundings (Stealth+).
Your rubbery body absorbs attacks. (AC +1, EV +1)
((You are camouflaged near water. (Stealth+)))
You have tentacles for arms and can constrict up to eight enemies at once.


Message History

The stunning burst hits the air elemental.
The air elemental completely resists.
The stunning burst misses you. You block the air elemental's attack.
The air elemental closely misses you.
The air elemental fires a burst of electricity at you.
The stunning burst hits you! You resist.
You suddenly lose the ability to move!
The air elemental hits you!
The air elemental fires a burst of electricity at you.
The stunning burst hits you! You resist. The air elemental hits you!
The air elemental fires a burst of electricity at you.
The stunning burst hits you. You resist. The air elemental hits you! x3
* * * LOW HITPOINT WARNING * * *
The spriggan air mage hits you!
* * * LOW HITPOINT WARNING * * *
The air elemental hits you!
* * * LOW HITPOINT WARNING * * *
You can move again.
Unknown command.
Blink to where?
Press: ? - help, Dir - move target
As you read the scroll of blinking, it crumbles to dust.
The air elemental fires a burst of electricity at you.
The stunning burst hits the air elemental.
The air elemental completely resists.
The stunning burst hits you. You resist.
You shrug off the repeated paralysis!
* * * LOW HITPOINT WARNING * * *
The air elemental fires a burst of electricity at you.
The stunning burst hits the air elemental.
The air elemental completely resists.
The stunning burst hits you! You resist.
You shrug off the repeated paralysis!
* * * LOW HITPOINT WARNING * * *
The air elemental fires a burst of electricity at you.
The stunning burst misses you.
The air elemental fires a burst of electricity at you.
The stunning burst misses the air elemental.
The stunning burst misses you.
The air elemental fires a burst of electricity at you.
The stunning burst hits the air elemental.
The air elemental completely resists.
The stunning burst hits you. You resist.
You shrug off the repeated paralysis!
You die...

≈≈≈≈≈###.§§..##≈≈≈≈#
≈≈≈≈##..§§.§..##≈###
≈≈≈##......§§..###§§
≈≈≈#....§§....###§§§§ §#
≈≈##...§.§##'#####§§§§§§#
≈≈#....§§##...###§§§§§§##
≈##§§§Ei##.....###§§§§§§#
#..§k.E#E......#..§§.§##
§§§§.E'.E.∩.@.'#.§§.§§.
##§§.§##.......#...§§§#§
#.§.§§§##.....##..§§§##
##§§§.§§##...##§§..####
≈≈##..§.§ ##+## §§§##
≈≈≈###... .## #######...
### #≈#


You could see 4 air elementals.

Vanquished Creatures
  A dread lich (Vaults:4)
  Saint Roka (Vaults:1)
  Margery (Depths:2)
  2 liches
  A tentacled monstrosity (Depths:2)
  A titan (Depths:3)
  3 acid blobs (Depths:1)
  A kraken (Shoals:3)
  Polyphemus (Shoals:3)
  4 tengu reavers
  5 sphinxes
  2 storm dragons
  A shadow dragon (Depths:2)
  5 nagarajas (Snake:4)
  11 fire giants
  3 azure jellies (Depths:1)
  3 rockslimes
  Roxanne (Snake:1)
  4 frost giants
  A deep elf sorcerer (Depths:4)
  5 vault wardens
  A ghoul (Vaults:3)
  The ghost of makewrite the Bludgeoner, a journeyman MiBe of Trog (Lair:5)
  9 ironbound preservers
  A caustic shrike skeleton (Depths:1)
  A reaper (Depths:3)
  11 very ugly things
  3 war gargoyles
  12 stone giants
  5 vampire knights
  A minotaur (Gauntlet)
  A deep elf demonologist (Vaults:3)
  6 spark wasps
  Snorg (D:11)
  4 merfolk javelineers
  2 crystal guardians
  10 fire dragons
  8 ettins
  5 merfolk impalers
  Josephine (D:14)
  A deep elf death mage (Vaults:3)
  9 great orbs of eyes
  7 yaktaur captains
  A quicksilver dragon skeleton (Vaults:4)
  A deep elf high priest (Vaults:4)
  8 hydras
  7 naga warriors
  5 peacekeepers
  Harold (D:11)
  4 rakshasas
  8 ironbound thunderhulks
  A boulder beetle (D:15)
  5 ice dragons
  2 salamander tyrants (Snake:4)
  4 spriggan air magi
  11 anacondas
  13 vault guards
  2 ogre magi (D:15)
  8 centaur warriors
  A death knight (D:14)
  9 ironbound frosthearts
  A caustic shrike simulacrum (IceCv)
  4 satyrs
  10 two-headed ogres
  3 catoblepae
  6 merfolk avatars
  An alligator snapping turtle (Shoals:4)
  Erica (Orc:1)
  8 merfolk aquamancers
  13 tengu warriors
  4 spriggan berserkers
  4 death yaks
  5 vampire magi
  2 deep troll shamans
  3 deep troll earth magi
  An ironbound beastmaster (Vaults:2)
  Urug (D:11)
  6 hell knights
  An orc high priest (Orc:2)
  2 shock serpents (Snake:4)
  A sun demon (Depths:3)
  10 naga sharpshooters
  A fire crab (Gauntlet)
  5 skeletal warriors (D:15)
  7 salamander mystics (Snake:4)
  10 sea snakes
  The ghost of Banquo the Cleaver, a novice FoFi of Wu Jian (D:10)
  24 deep trolls
  11 naga ritualists
  A glowing orange brain (Depths:1)
  2 flayed ghosts
  A golden dragon skeleton (Depths:2)
  A swamp dragon (Lair:6)
  A tengu zombie (Depths:2)
  10 wizards
  An obsidian statue (IceCv)
  2 lindwurms (Vaults:2)
  19 harpies
  11 ironbound convokers
  Pikel (D:4)
  2 orc knights
  3 phantasmal warriors
  8 necromancers
  A deep elf pyromancer (D:14)
  A tengu skeleton (Depths:1)
  6 orc sorcerers
  44 ugly things
  A wolf spider (Lair:6)
  9 mana vipers
  5 fauns (Shoals:3)
  A frost giant zombie (Depths:2)
  50 slime creatures
  4 cyclopes
  7 manticores
  A fire giant zombie (Vaults:4)
  10 salamanders
  A fire giant skeleton (Depths:1)
  2 human skeletons
  13 water nymphs
  13 merfolk sirens
  41 black mambas
  A black mamba (shapeshifter) (D:14)
  2 elephants (Lair:5)
  A water nymph (shapeshifter) (Depths:4)
  A frost giant skeleton (Depths:1)
  4 guardian serpents
  Maurice (D:12)
  14 cane toads
  A torpor snail (Lair:3)
  10 naga magi
  2 gargoyles (D:13)
  An elf zombie (Vaults:4)
  13 vault sentinels
  9 unseen horrors
  A kobold demonologist (D:12)
  22 yaktaurs
  4 rime drakes
  A hellwing (Depths:3)
  2 efreet
  An anaconda simulacrum (IceCv)
  An entropy weaver simulacrum (IceCv)
  10 komodo dragons
  12 freezing wraiths
  10 tengu conjurers
  A golden dragon simulacrum (IceCv)
  5 ice devils
  24 merfolk
  5 hornets
  Prince Ribbit (D:5)
  A tengu simulacrum (Depths:2)
  10 trolls
  4 wind drakes
  2 polar bears
  A raiju (shapeshifter) (Depths:3)
  31 blink frogs
  A stone giant simulacrum (Depths:1)
  11 dream sheep
  A fire giant simulacrum (Depths:1)
  A snapping turtle (Shoals:4)
  A spriggan skeleton (Depths:2)
  2 air elementals (WizLab)
  2 centaur simulacra (Gauntlet)
  27 yaks
  A fire dragon skeleton (Depths:1)
  2 vampires
  A redback (shapeshifter) (Depths:4)
  2 spriggans (Depths:4)
  2 spriggan simulacra (IceCv)
  Sigmund (D:3)
  8 wyverns
  A ynoxinul (Depths:3)
  3 fire bats (Gauntlet)
  11 wraiths
  An elf skeleton (Depths:2)
  A golden eye (shapeshifter) (D:13)
  13 water elementals
  3 minotaur simulacra (IceCv)
  7 vampire mosquitoes
  2 steam dragons (Lair:6)
  3 basilisks
  11 wargs
  44 nagas
  An ogre zombie (Vaults:4)
  The ghost of TheNamelessOne the Stinger, an amateur OpWn of Qazlal (D:3)
  26 water moccasins
  A hell hound (Gauntlet)
  3 acid dragons (Lair:6)
  A swamp drake (Lair:6)
  4 ice beasts
  A sky beast (D:6)
  2 black bears
  4 alligator simulacra (IceCv)
  Purgy (Sewer)
  33 orc warriors
  3 necrophages
  12 ogres
  4 boggarts (Vaults:3)
  12 centaurs
  10 wolves
  Blork the orc (D:6)
  4 kobold brigands
  15 bullfrogs
  A deep troll simulacrum (IceCv)
  A wyvern zombie (D:7)
  2 scorpions
  A glowing shapeshifter simulacrum (Depths:2)
  A hornet simulacrum (Gauntlet)
  2 water moccasin skeletons
  3 killer bees (D:9)
  A lindwurm simulacrum (IceCv)
  11 wights
  6 electric eels
  3 vampire bats (Lair:2)
  5 howler monkeys
  3 crimson imps (D:5)
  4 hounds
  4 centaur zombies
  2 bullfrog skeletons
  17 orc priests
  Crazy Yiuf (D:6)
  7 jellies
  Jessica (D:3)
  2 centaur skeletons (D:5)
  A gnoll shaman (D:8)
  A scorpion zombie (D:5)
  Natasha (thrice) (D:3)
  4 iguanas
  26 orc wizards
  13 hell rats (Lair:2)
  A killer bee zombie (D:7)
  A hound skeleton (D:5)
  A howler monkey zombie (D:3)
  Robin (D:3)
  A howler monkey skeleton (D:5)
  6 gnolls
  10 adders
  9 river rats (Lair:2)
  7 white imps
  An adder skeleton (D:3)
  71 orcs
  5 ball pythons
  8 bats
  12 endoplasms
  8 giant cockroaches
  7 goblins
  6 hobgoblins
  11 jackals
  34 kobolds
  5 quokkas
  9 frilled lizards
  16 rats
  3 tentacles (Shoals:3)
1537 creatures vanquished.

Vanquished Creatures (collateral kills)
  2 Ice Fiends (IceCv)
  An orc warlord (Orc:2)
  A cyclops (Shoals:3)
  A minotaur simulacrum (IceCv)
  A warg (Orc:2)
  An orc warrior (Orc:2)
  An orc (Orc:2)
8 creatures vanquished.

Vanquished Creatures (others)
  A deep elf pyromancer (D:14)
  2 elephants (Lair:5)
  2 orc warriors (Vaults:1)
  An orc (Vaults:1)
  2 demonic plants (Gauntlet)
  26 fungi
  129 plants
  22 tentacles (Shoals:3)
  2 withered plants (Lair:6)
187 creatures vanquished.

Grand Total: 1732 creatures vanquished

Notes
Turn   | Place    | Note
-------+----------+-------------------------------------------
     0 | D:1      | Froggeryz the Octopode Berserker began the quest for the
                  | Orb.
     0 | D:1      | Reached XP level 1. HP: 16/16 MP: 1/1
     1 | D:1      | Found a runed translucent door.
     2 | D:1      | Noticed a jelly
   745 | D:1      | Reached XP level 2. HP: 21/21 MP: 2/2
  1414 | D:2      | Reached XP level 3. HP: 26/26 MP: 3/3
  2037 | D:3      | Noticed Sigmund
  2223 | D:3      | Found a glowing drain.
  2247 | D:3      | Reached XP level 4. HP: 17/32 MP: 4/4
  2417 | Sewer    | Entered a sewer
  2471 | Sewer    | Reached ** piety under Trog
  2512 | Sewer    | Noticed Purgy
  2567 | Sewer    | Killed Purgy
  2568 | Sewer    | Reached XP level 5. HP: 37/37 MP: 5/5
  2755 | D:3      | Reached skill level 5 in Maces & Flails
  2765 | D:3      | Noticed Jessica
  2769 | D:3      | Killed Jessica
  3264 | D:3      | Reached XP level 6. HP: 43/43 MP: 6/6
  3269 | D:3      | Killed Sigmund
  3315 | D:3      | Found a runed translucent gate.
  3316 | D:3      | Found a runed translucent gate.
  3360 | D:3      | Found a runed translucent gate.
  3363 | D:3      | Noticed TheNamelessOne's ghost (amateur OpWn)
  3427 | D:3      | Found a faded altar of an unknown god.
  3428 | D:3      | Noticed Natasha
  3434 | D:3      | Killed Natasha
  3531 | D:3      | Noticed Robin
  3544 | D:3      | Killed Robin
  3688 | D:3      | Noticed Natasha
  3700 | D:3      | Killed Natasha
  3701 | D:3      | Reached XP level 7. HP: 42/49 MP: 7/7
  3772 | D:3      | Killed TheNamelessOne's ghost
  3777 | D:3      | Reached skill level 5 in Fighting
  4009 | D:4      | Found a glowing golden altar of the Shining One.
  4014 | D:4      | Noticed Pikel
  4030 | D:4      | Killed Pikel
  4031 | D:4      | Reached skill level 5 in Stealth
  4031 | D:4      | Reached XP level 8. HP: 52/57 MP: 8/8
  4149 | D:4      | Found a white marble altar of Elyvilon.
  4811 | D:4      | Identified the +2 pair of boots of the Clam {+Inv rN+++
                  | Regen+ MP-9}
  4847 | D:5      | Entered Level 5 of the Dungeon
  4850 | D:5      | Found Tuwayv's Antique Weapon Shop.
  4885 | D:5      | Found a broken altar of Ashenzari.
  4938 | D:5      | Reached *** piety under Trog
  5243 | D:5      | Reached XP level 9. HP: 57/63 MP: 9/9
  5493 | D:5      | Found a basalt altar of Yredelemnul.
  5493 | D:5      | Found a hazy altar of Hepliaklqana.
  5774 | D:5      | Found a shimmering altar of Xom.
  5832 | D:5      | Found a glowing silver altar of Zin.
  5836 | D:5      | Noticed Prince Ribbit
  5856 | D:5      | Killed Prince Ribbit
  6285 | D:5      | Reached **** piety under Trog
  6294 | D:5      | Identified 3 scrolls of acquirement
  6294 | D:5      | Acquired a +2 hat
  6373 | D:5      | Acquired a +0 buckler of positive energy
  6380 | D:5      | Acquired the +3 sling "Punk" {acid, rCorr}
  6380 | D:5      | Found the +3 sling "Punk" {acid, rCorr}
  7191 | D:3      | Noticed Natasha
  7199 | D:3      | Killed Natasha
  7461 | D:6      | Reached skill level 1 in Shields
  7489 | D:6      | Reached skill level 1 in Slings
  7579 | D:6      | Noticed Blork the orc
  7587 | D:6      | Killed Blork the orc
  8007 | D:6      | Reached skill level 10 in Maces & Flails
  8007 | D:6      | Reached XP level 10. HP: 71/71 MP: 10/10
  8047 | D:6      | Found a runed translucent door.
  8048 | D:6      | Noticed Crazy Yiuf
  8103 | D:6      | Found a staircase to the Ecumenical Temple.
  8165 | D:6      | Killed Crazy Yiuf
  8688 | D:7      | Found a large runed translucent door.
  8689 | D:7      | Found a large runed translucent door.
  8756 | D:7      | Reached ***** piety under Trog
  8825 | D:7      | Reached skill level 5 in Shields
  9124 | D:7      | Found a shimmering blue altar of Sif Muna.
  9132 | D:7      | Found a hide-covered altar of Uskayaw.
  9683 | D:8      | Acquired the +0 hat "Loitisaq" {Contam +Inv rElec rPois}
  9845 | D:8      | Received a gift from Trog
 10511 | D:9      | Noticed a centaur warrior
 10520 | D:9      | Killed a centaur warrior
 10691 | D:9      | Reached skill level 5 in Slings
 10717 | D:9      | Reached skill level 5 in Dodging
 10796 | D:9      | You fall into a shaft and drop 1 floor!
 10796 | D:10     | Entered Level 10 of the Dungeon
 11045 | D:10     | Found an iron altar of Okawaru.
 11125 | D:9      | Reached XP level 11. HP: 61/75 MP: 11/11
 11402 | D:9      | Found a bloodstained altar of Trog.
 11658 | D:10     | Found a stormy altar of Qazlal.
 11828 | D:10     | Acquired 591 gold pieces
 11840 | D:10     | Noticed a two-headed ogre
 11857 | D:10     | Killed a two-headed ogre
 11953 | D:10     | Found Engakox's Weapon Boutique.
 12045 | D:10     | Found a staircase to the Orcish Mines.
 12223 | D:10     | Found a staircase to the Lair.
 12337 | D:10     | Noticed Banquo's ghost (novice FoFi)
 12338 | D:10     | Found a runed translucent door.
 12352 | D:10     | Found a blossoming altar of Fedhas.
 12406 | D:10     | Noticed a two-headed ogre
 12427 | D:10     | Killed a two-headed ogre
 13426 | D:11     | Noticed Harold
 13435 | D:11     | Killed Harold
 13514 | D:11     | Noticed Snorg
 13530 | D:11     | Killed Snorg
 13811 | D:11     | Noticed Urug
 13822 | D:11     | Killed Urug
 13824 | D:11     | Reached XP level 12. HP: 81/81 MP: 12/12
 14005 | D:11     | Received a gift from Trog
 14718 | D:12     | Noticed Maurice
 14725 | D:12     | Killed Maurice
 15859 | D:13     | Noticed a tengu warrior
 15863 | D:13     | Killed a tengu warrior
 15863 | D:13     | Received a gift from Trog
 16828 | Lair:1   | Entered Level 1 of the Lair of Beasts
 16837 | Lair:1   | Noticed a six-headed hydra
 16863 | Lair:1   | Killed a six-headed hydra
 17292 | Lair:1   | Found an ancient bone altar of Kikubaaqudgha.
 17295 | Lair:1   | Reached XP level 13. HP: 75/90 MP: 13/13
 17578 | Lair:1   | Acquired the ring "Boerojic" {rElec rC+ Dex+4 SInv}
 17580 | Lair:1   | Reached XP level 14. HP: 97/97 MP: 14/14
 17821 | Lair:2   | Reached skill level 10 in Slings
 17843 | Lair:2   | Reached skill level 10 in Dodging
 18249 | Lair:2   | Found a staircase to the Shoals.
 18421 | Lair:2   | Received a gift from Trog
 18428 | Lair:2   | Reached skill level 10 in Fighting
 18985 | Lair:3   | Found a gate leading to a gauntlet.
 18995 | Gauntlet | Entered a Gauntlet
 18995 | Gauntlet | Found a runed translucent door.
 18995 | Gauntlet | Found a transporter.
 18995 | Gauntlet | Found a runed translucent door.
 18995 | Gauntlet | Found a transporter.
 19006 | Gauntlet | Found a transporter.
 19010 | Gauntlet | Found a transporter.
 19021 | Gauntlet | Found a transporter.
 19023 | Gauntlet | Found a transporter.
 19031 | Gauntlet | Found a transporter.
 19051 | Gauntlet | Found a transporter.
 19068 | Gauntlet | Found a transporter.
 19072 | Gauntlet | Found a transporter.
 19082 | Gauntlet | Found a transporter.
 19086 | Gauntlet | Found a transporter.
 19178 | Gauntlet | Found a runed translucent door.
 19190 | Gauntlet | Identified the +2 cloak "Huidega" {rElec rPois rC+ Dex+3}
 19268 | Gauntlet | Identified the +0 hat of Repulsion {rElec Str+3}
 19331 | Gauntlet | Identified the +5 short sword "Siceovoj" {freeze, SInv}
 20406 | Lair:4   | You are sucked into a shaft and drop 2 floors!
 20406 | Lair:6   | Entered Level 6 of the Lair of Beasts
 20699 | Lair:6   | Reached ****** piety under Trog
 20726 | Lair:6   | Found a runed translucent door.
 20728 | Lair:6   | Noticed makewrite's ghost (journeyman MiBe)
 20925 | Lair:5   | Reached XP level 15. HP: 81/107 MP: 15/15
 21367 | Lair:4   | Found a staircase to the Snake Pit.
 21858 | Lair:5   | Found a viscous altar of Jiyva.
 21858 | Lair:5   | Found a staircase to the Slime Pits.
 22421 | Lair:6   | Received a gift from Trog
 23443 | Lair:6   | Identified the +1 pair of gloves of Hianawn {rF+++ MP+9
                  | Str-2 Slay+2}
 23718 | Lair:5   | Killed makewrite's ghost
 23883 | D:10     | Killed Banquo's ghost
 24098 | Orc:1    | Entered Level 1 of the Orcish Mines
 24102 | Orc:1    | Noticed Erica
 24117 | Orc:1    | Killed Erica
 24118 | Orc:1    | Reached skill level 1 in Evocations
 24407 | Orc:2    | Entered Level 2 of the Orcish Mines
 24502 | Orc:2    | Identified the +3 morningstar of Trog's Delight {vorpal,
                  | rF++ Str-3 Dex+4} (Trog gifted it to you on level 2 of the
                  | Orcish Mines)
 24502 | Orc:2    | Received a gift from Trog
 24579 | Orc:2    | Found Ugostracs's Jewellery Shop.
 24637 | Orc:2    | Found a staircase to the Elven Halls.
 24689 | Orc:2    | Found Yrefus's Antique Weapon Boutique.
 24689 | Orc:2    | Found Diso's Antique Armour Shop.
 24694 | Orc:2    | Found Tiarph's Book Boutique.
 24694 | Orc:2    | Found Gocryote's Magic Scroll Shop.
 24720 | Orc:2    | Bought a scroll of teleportation for 51 gold pieces
 24720 | Orc:2    | Bought a scroll of teleportation for 51 gold pieces
 24720 | Orc:2    | Bought a scroll of magic mapping for 59 gold pieces
 24720 | Orc:2    | Bought a scroll of magic mapping for 59 gold pieces
 24829 | Orc:2    | Bought a +4 ring of slaying for 1092 gold pieces
 24889 | Orc:2    | Noticed an orc warlord
 24914 | Orc:2    | Killed an orc warlord
 25728 | Snake:1  | Entered Level 1 of the Snake Pit
 25730 | Snake:1  | Received a gift from Trog
 25845 | Shoals:1 | Entered Level 1 of the Shoals
 25883 | Shoals:1 | Found Tamir's Self-Improvement Boutique.
 25918 | Shoals:1 | Reached XP level 16. HP: 117/117 MP: 16/16
 25994 | Shoals:1 | Found Eisa's Eclectic Emporium.
 26005 | Shoals:1 | Bought a potion of experience for 800 gold pieces
 26005 | Shoals:1 | Reached XP level 17. HP: 122/122 MP: 17/17
 26811 | Shoals:2 | Reached skill level 5 in Evocations
 26866 | Shoals:2 | Found a frozen archway.
 26876 | IceCv    | Entered an ice cave
 27617 | IceCv    | Noticed an Ice Fiend
 27617 | IceCv    | Noticed an Ice Fiend
 27631 | IceCv    | Killed an Ice Fiend
 27633 | IceCv    | Killed an Ice Fiend
 28528 | Shoals:3 | Received a gift from Trog
 28944 | Shoals:3 | Noticed a kraken
 29209 | Shoals:3 | Noticed Polyphemus
 29367 | Shoals:3 | Killed Polyphemus
 29675 | Shoals:3 | Found Siemam Niyv's Armour Shoppe.
 29686 | Shoals:3 | Found a runed translucent door.
 29687 | Shoals:3 | Found a shimmering altar of Xom.
 29687 | Shoals:3 | Noticed CrazyMind's ghost (adept GnVM)
 29751 | Shoals:3 | Killed a kraken
 30255 | Shoals:4 | Entered Level 4 of the Shoals
 30643 | Shoals:4 | Received a gift from Trog
 30702 | Shoals:4 | Reached XP level 18. HP: 132/132 MP: 18/18
 32220 | Shoals:4 | Reached skill level 15 in Slings
 32221 | Shoals:4 | Reached skill level 15 in Fighting
 32516 | Shoals:4 | Got a barnacled rune of Zot
 33174 | Lair:4   | Identified the +9 morningstar of Courage {vorpal, rN+}
                  | (Trog gifted it to you on level 4 of the Lair of Beasts)
 33174 | Lair:4   | Received a gift from Trog
 34137 | Snake:1  | Noticed Roxanne
 34154 | Snake:1  | Killed Roxanne
 34770 | Snake:2  | Found Zeothrah's Book Boutique.
 36263 | Snake:3  | Received a gift from Trog
 36724 | Snake:4  | Entered Level 4 of the Snake Pit
 36738 | Snake:4  | Reached XP level 19. HP: 34/139 MP: 19/19
 37478 | Snake:4  | Received a gift from Trog
 37582 | Snake:4  | Identified the +5 great sword "Mearovec" {drain, Str+4
                  | Int-2}
 37872 | Snake:4  | Received a gift from Trog
 37878 | Snake:4  | Reached skill level 15 in Maces & Flails
 38269 | Snake:4  | Got a serpentine rune of Zot
 38988 | Shoals:1 | Bought a +0 eveningstar for 240 gold pieces
 38988 | Shoals:1 | Bought a scroll of enchant weapon for 120 gold pieces
 39350 | D:14     | Found a broken altar of Ashenzari.
 39397 | D:14     | Noticed Josephine
 39402 | D:14     | Killed Josephine
 39560 | D:14     | Found a gate to the Vaults.
 39599 | D:14     | Received a gift from Trog
 40167 | D:15     | Entered Level 15 of the Dungeon
 40762 | D:15     | Found a staircase to the Depths.
 40881 | D:15     | Reached XP level 20. HP: 145/145 MP: 20/20
 41647 | Depths:1 | Entered Level 1 of the Depths
 41936 | Depths:1 | Found a viscous altar of Jiyva.
 42733 | Vaults:1 | Entered Level 1 of the Vaults
 42854 | Vaults:1 | Received a gift from Trog
 43868 | Vaults:1 | Found Vumoquh's Magic Scroll Shop.
 43874 | Vaults:1 | Bought a scroll of acquirement for 676 gold pieces
 43874 | Vaults:1 | Acquired 679 gold pieces
 44050 | Orc:2    | Bought the ring "Empa" {Contam rF+ Will+++ SInv Stlth-} for
                  | 565 gold pieces
 44300 | Vaults:1 | Identified the +0 scale mail of Nyiboc {rF+ Will+}
 44391 | Vaults:1 | Noticed Saint Roka
 44434 | Vaults:1 | Killed Saint Roka
 46033 | Vaults:2 | Received a gift from Trog
 46134 | Vaults:2 | Reached XP level 21. HP: 154/154 MP: 21/21
 46232 | Vaults:2 | Identified the +1 robe "Navoghet" {rF++}
 46416 | Vaults:2 | Acquired a manual of Unarmed Combat
 47276 | Vaults:2 | Reached skill level 10 in Shields
 47367 | Vaults:2 | Received a gift from Trog
 48938 | Vaults:3 | Found a staircase to the Crypt.
 49515 | Vaults:3 | Identified the +7 broad axe "Emnaelio" {speed, rElec rF++
                  | Will+++ MP-9}
 49581 | Vaults:3 | Reached skill level 1 in Axes
 51118 | Vaults:3 | Received a gift from Trog
 51429 | Vaults:4 | Reached skill level 5 in Axes
 52616 | Vaults:4 | Noticed a dread lich
 52939 | Vaults:4 | Reached XP level 22. HP: 126/163 MP: 22/22
 53678 | Vaults:4 | Killed a dread lich
 54862 | Depths:1 | Found a gateway to Hell.
 54973 | Depths:1 | Found Wuryku's Whimsical Warehouse.
 54983 | Depths:1 | Found Yhuczol's Antique Weapon Emporium.
 54999 | Depths:1 | Received a gift from Trog
 55319 | Depths:1 | Reached skill level 10 in Axes
 55674 | Depths:1 | Found an opulent altar of Gozag.
 55716 | Depths:1 | Found a gateway to a ziggurat.
 56541 | Depths:2 | Noticed Margery
 57001 | Depths:2 | Received a gift from Trog
 57162 | Depths:2 | Identified the ring of the Queen {rC- MP+9 Str+4}
 57482 | Depths:2 | Found a one-way gate to the infinite horrors of the Abyss.
 58299 | Depths:2 | Reached XP level 23. HP: 147/171 MP: 23/23
 58312 | Depths:2 | Killed Margery
 59164 | Depths:3 | Received a gift from Trog
 59858 | Depths:3 | Reached skill level 15 in Shields
 59881 | Depths:3 | Identified the +1 scale mail "Xuecloudd" {rPois rN+ rCorr
                  | Str-4}
 60168 | Depths:3 | Identified the +7 falchion "Baurghiff" {venom, rCorr Int+3
                  | Stlth-}
 60856 | Depths:3 | Found a shadowy altar of Dithmenos.
 61234 | Depths:3 | Found a one-way gate leading to the halls of Pandemonium.
 61654 | Depths:4 | Received a gift from Trog
 62751 | Depths:4 | Found the +6 Majin-Bo {vamp, MP+6 Int+6}
 63580 | Depths:5 | Entered Level 5 of the Depths
 63580 | Depths:5 | Noticed a golden dragon
 63726 | Depths:5 | Found a magical portal.
 63761 | WizLab   | Entered The Chambers of the Cloud Mage
 63790 | WizLab   | Paralysed by an air elemental for 1 turns
 63792 | WizLab   | HP: 2/172 [air elemental/stunning burst (7)]
 63793 | WizLab   | Killed from afar by an air elemental

Illustrated notes

Levels and vault maps discovered:
D:1:      dpeg_arrival_caged_fury, layout_loops_corners
D:2:      layout_loops_corners, palyth_stone_intersect
D:3:      layout_basic, gup_sewer_entry_glass, gammafunk_ghost_necromancy,
          dilly_ecumenical_altar_fadedgnrine, uniq_sigmund, uniq_natasha,
          uniq_jessica, uniq_robin
D:4:      layout_basic, elyvilon_altar_3, kennysheep_mini_moat, uniq_pikel
D:5:      minmay_recursive_quarters, layout_rooms, amcnicky_altar_gilded,
          mainiacjoe_overflow_small_starburst, led_xom_imps,
          amethyst_overflow_temple_binary, serial_shops,
          nicolae_shop_statue_plus, columned_hall_lemuel, uniq_prince_ribbit1
D:6:      layout_gridville, temple_hall, uniq_blork_the_orc,
          uniq_crazy_yiuf_cottage
D:7:      layout_loops_cross, jmf_multi_god_temple2
D:8:      layout_loops_ring
D:9:      layout_roguey, trog_book
D:10:     layout_loops_corners, nicolae_overflow_hidden_temple,
          mainiacjoe_overflow_alcove_1, mainiacjoe_overflow_alcove_2,
          erik_lair_island, minmay_orc_entry_guard_dogs, serial_shops,
          nicolae_shop_crystal, hellmonk_ghost_happy_afterlife
D:11:     layout_loops_ring, uniq_harold, uniq_snorg, uniq_urug
D:12:     layout_loops_ring, special_room [special_room_orc],
          minmay_misc_feat_five, serial_bayou_lake_a, uniq_maurice
D:13:     layout_irregular_city, minmay_variable_closet
D:14:     layout_loops_ring, erik_vaults_2, nicolae_ashenzari_panopticon,
          amcnicky_mini_pool_small, uniq_josephine
D:15:     hangedman_depths_entry_civil_slaughter, layout_loops_ring,
          chequers_avenue
Lair:1:   layout_small_grid, lemuel_centaur_altar, grunt_megastairs_1,
          serial_bayou_shore_a
Lair:2:   lemuel_ratsnest, layout_loops_ring, elwin_shoals_entry_rooms,
          roderic_batcave, serial_bayou_shore_b, grunt_megastairs_3
Lair:3:   layout_cave_pods, gauntlet_entry_generic,
          chequers_serial_rivers_small_b, serial_bayou_pond_a, minivault_26
Lair:4:   layout_cave_pods, guppyfry_snake_entry_island, st_stairs_7,
          chequers_serial_rivers_large_a
Lair:5:   layout_hall_layers, dpeg_slime_entry_enclosed_altar,
          serial_bayou_pond_e
Lair:6:   hangedman_lair_tendril_chambers, layout_regular_city,
          guppyfry_lair_end_dragon, gammafunk_ghost_grave
Shoals:1: layout_shoals, nicolae_alphabet_shops, nicolae_shop_self_help
Shoals:2: layout_shoals, portal_ice_cave_entry_pillars_2
Shoals:3: layout_shoals, ebering_ghost_xom, nicolae_take_the_stairs,
          uniq_polyphemus
Shoals:4: shoals_end_simple, layout_shoals
Snake:1:  layout_chambers, nicolae_snake_springs, uniq_roxanne
Snake:2:  layout_layer_cave, serial_shops, shop, nicolae_large_snake_swirl
Snake:3:  layout_misc_corridors, nicolae_snake_squiggles
Snake:4:  johnstein_snake_rune_scales, layout_onion
Orc:1:    layout_caves, uniq_erica
Orc:2:    st_orc_mages, layout_caves, serial_shops, nicolae_square_shop
Vaults:1: nicolae_vaults_three_branches, vaults_room_semicircle,
          ontoclasm_vaults_bender, v_misc_15, layout_vaults_chaotic_city,
          serial_shops, shop, uniq_saint_roka
Vaults:2: nicolae_vaults_windows_and_doors_thing, vaults_room_hallway,
          serial_ice_m, v_misc_16, vaults_room_semicircle, vaults_room_corners,
          ontoclasm_vaults_misaligned, vaults_room_door_ring,
          layout_vaults_omnigrid
Vaults:3: minmay_crypt_entry_simple_plaza, nicolae_vaults_hallways_thing,
          nicolae_vaults_network_star, vaults_dpeg_spiral, grunt_vaults_focal,
          vaults_room_large_hall, dpeg_vaults_monster_box,
          hangedman_vaults_capsules, v_misc_13, hangedman_vaults_maws, v_misc_9,
          v_misc_25, nicolae_vaults_little_squares_3, layout_vaults_ring
Vaults:4: hangedman_vaults_river_flow, v_misc_27, grunt_vaults_twisty,
          nicolae_vaults_ninety_degrees, nicolae_vaults_murderbox, v_misc_26,
          nicolae_vaults_little_ls, nicolae_vaults_network_periphery,
          vaults_room_stairs_pillars, nicolae_vaults_little_squares_3,
          vaults_dpeg_cross, vaults_dpeg_hooks, layout_vaults_maze_snakey
Depths:1: layout_long_grid, enter_ziggurat_e, special_room [special_room_jelly],
          serial_shops, nicolae_shop_overgrown_old_shop, hell_entry,
          nicolae_alphabet_shops, chequers_decorated_corner,
          nicolae_gozag_seed_capital
Depths:2: grunt_x_marks_the_spot, layout_cross, serial_glass, glass_columns_a,
          glass_columns_b, item_on_display_a, due_unseen_surprise,
          grunt_metal_band, hangedman_abyss_entry_splay,
          infiniplex_staircase_spiral
Depths:3: minmay_the_grid_square_5x5_4x4_mashed
          [minmay_the_grid_square_5x5_dogpile,
          minmay_the_grid_square_5x5_fancy_junction,
          minmay_the_grid_square_5x5_percent,
          minmay_the_grid_square_5x5_detours,
          minmay_the_grid_square_5x5_bracketed,
          minmay_the_grid_square_5x5_prize_junk,
          minmay_the_grid_square_5x5_prize_rear_guard,
          minmay_the_grid_square_5x5_minibox,
          minmay_the_grid_square_5x5_three_walls,
          minmay_the_grid_square_5x5_prize_waves,
          minmay_the_grid_square_5x5_prize_deathbox,
          minmay_the_grid_square_5x5_seven,
          minmay_the_grid_square_5x5_pentomino_r,
          minmay_the_grid_square_5x5_tri_point,
          minmay_the_grid_square_5x5_two_walls_a,
          minmay_the_grid_square_5x5_inner_z], layout_honeycomb,
          rand_demon_pan_entry_5, hell_entry,
          nicolae_dithmenos_through_a_glass_darkly
Depths:4: minmay_guarded_unrand_majin_bo, layout_cave_pools,
          pf_hell_entry_great_geh, abyss_entry, hangedman_glass_teeth
Depths:5: grunt_zot_entry_bicorn, layout_cave_pools, rand_demon_pan_entry_4,
          minmay_misc_feat_more_columns, mu_enter_wizlab_2,
          grunt_hell_entry_dis_mu, nicolae_rare_books,
          minmay_guarded_unrand_curses, serial_bayou_shore_b
WizLab:   wizlab_cloud

Skill      XL: |  1  2  3  4  5  6  7  8  9 10 11 12 13 14 15 16 17 18 19 20 21 22 23 |
---------------+----------------------------------------------------------------------+-----
Maces & Flails | 4 5 6 7 8 10 11 12 13 16 | 16.5
Fighting       | 4 5 6 7 9 11 13 14 15 16 17 18 | 18.4
Stealth        | 2 3 5 7 8 11 | 11.4
Shields        | 3 5 9 12 14 16 | 16.0
Slings         | 2 5 7 9 11 12 14 16 17 18 | 18.6
Dodging        | 5 7 9 11 13 14 | 14.0
Throwing       | 7 8 |  8.2
Evocations     | 4 7 |  7.3
Axes           | 7 12 13 | 13.7

Action                   |  1- 3 |  4- 6 |  7- 9 | 10-12 | 13-15 | 16-18 | 19-21 | 22-24 || total
-------------------------+-------+-------+-------+-------+-------+-------+-------+-------++-------
Melee: Mace              |    55 |    75 |    17 |       |       |       |       |       ||   147
       Constrict         |    17 |    19 |    39 |    71 |    45 |    13 |    40 |    61 ||   305
       Tentacles         |     8 |    14 |    48 |   149 |   116 |    42 |   107 |   123 ||   607
       Whip              |       |       |   165 |   480 |   207 |    41 |       |       ||   893
       Morningstar       |       |       |       |       |    34 |    70 |   272 |   346 ||   722
 Fire: Fustibalus        |       |       |    39 |   141 |   773 |   903 |  1293 |   494 ||  3643
Throw: Dart              |       |     9 |     6 |    38 |    20 |     7 |       |       ||    80
       Boomerang         |       |       |       |       |       |       |     2 |       ||     2
       Javelin           |       |       |       |       |       |       |       |    10 ||    10
Invok: Berserk           |     2 |     2 |     2 |     5 |     6 |     2 |     4 |     2 ||    25
       Trog's Hand       |       |     1 |       |       |     2 |     4 |     3 |     2 ||    12
       Brothers in Arms  |       |       |       |       |     1 |     1 |       |       ||     2
Evoke: Wand              |       |       |       |     3 |       |     7 |    19 |     3 ||    32
  Use: Scroll            |     1 |     2 |     3 |    22 |     9 |    10 |    10 |    13 ||    70
       Potion            |       |       |       |       |     1 |     2 |     2 |     1 ||     6
 Stab: Sleeping          |     6 |    11 |    10 |    14 |     2 |     2 |    16 |     8 ||    69
       Distracted        |       |       |     2 |     1 |     1 |       |       |     3 ||     7
       Petrified         |       |       |       |       |       |     2 |       |       ||     2
       Paralysed         |       |       |       |       |       |       |     3 |       ||     3
Armor: Skin              |     4 |    12 |    39 |    46 |    21 |    20 |    10 |     6 ||   158
Dodge: Dodged            |    35 |    38 |    94 |   203 |   256 |   329 |   267 |   250 ||  1472
Block: Buckler           |       |       |     2 |    82 |    94 |   165 |   209 |   194 ||   746
       Reflection        |       |       |       |       |       |     7 |    37 |     9 ||    53
       Kite shield       |       |       |       |       |       |       |       |     8 ||     8
